 Dungeon Crawl Stone Soup version 0.30-a0-629-gd54f4be4f7 (webtiles) character file.

Game seed: 16880052180568936010

4 IdlyInterested the Ducker (level 1, 0/16 HPs)
             Began as a Demonspawn Gladiator on Jan 12, 2023.
             Slain by a kobold
             ... wielding a +2 whip of flaming
              (1 damage)
             ... on level 1 of the Dungeon.
             The game lasted 00:00:44 (92 turns).

IdlyInterested the Ducker (Demonspawn Gladiator)      Turns: 92, Time: 00:00:44

Health: 0/16       AC:  4    Str: 14    XL:     1   Next: 58%
Magic:  1/1        EV: 12    Int:  9    God:
Gold:   0          SH:  0    Dex: 14    Spells: 0/0 levels left

rFire   . . .      SeeInvis .    a - +0 war axe
rCold   . . .      Faith    .    (no shield)
rNeg    . . .      Spirit   .    b - +0 leather armour
rPois   .          Reflect  .    c - +0 helmet
rElec   .          Harm     .    (no cloak)
rCorr   .          Rampage  .    (no gloves)
Will    .....                    (no boots)
Stlth   +                        (no amulet)
HPRegen 0.22/turn                (no ring)
MPRegen 0.07/turn                (no ring)

@: no status effects
A: no striking features
a: no special abilities


You were on level 1 of the Dungeon.
You visited 1 branch of the dungeon, and saw 1 of its levels.

Inventory:

Hand Weapons
 a - a +0 war axe (weapon)
Missiles
 d - 3 throwing nets
 e - a javelin
 f - 11 stones
 g - 5 poisoned darts (quivered)
Armour
 b - a +0 leather armour (worn)
 c - a +0 helmet (worn)
Scrolls
 h - a scroll of immolation {unknown}
Potions
 i - a potion of attraction {unknown}
 j - a potion of heal wounds {unknown}


   Skills:
 + Level 2.1 Fighting
 - Level 2.6 Axes
 - Level 1.7 Throwing
 * Level 0.7 Armour
 - Level 2.6 Dodging


You couldn't memorise any spells.
You didn't know any spells.
Your spell library was empty.

Dungeon Overview and Level Annotations

Branches:
Dungeon (1/15)

Altars:


Message History

The goblin shouts!
The goblin misses you.
You hit the goblin.
The goblin is severely wounded.
The goblin hits you but does no damage. The goblin barely misses you.
You slash the goblin!
You kill the goblin!
You see here a +0 dagger.
j - a ruby potion A kobold comes into view.
It is wielding a +0 dagger.
The kobold shouts!
A kobold comes into view. It is wielding a +2 whip of flaming.
The kobold shouts!
The kobold throws a stone.
The stone misses you.
The kobold moves out of view.
Found 10 gold pieces.
The kobold throws a stone.
The stone hits you but does no damage.
A frilled lizard comes into view.
The frilled lizard hisses angrily.
You slash the kobold!
You kill the kobold!
Throw: 6 darts (poison)
Press: ? - help, Q - select action, (/) - cycle Shift-Dir - straight line, f - kobold
Aim: a kobold, wielding a +2 whip of flaming (51% to hit)
You throw a poisoned dart.
The poisoned dart closely misses the kobold.
You barely miss the kobold. You hit the frilled lizard.
You kill the frilled lizard!
The kobold hits you with a +2 whip of flaming!
The kobold burns you. The kobold closely misses you.
You miss the kobold.
The kobold hits you with a +2 whip of flaming.
* * * LOW HITPOINT WARNING * * *
The kobold burns you.
* * * LOW HITPOINT WARNING * * *
You hit the kobold.
The kobold is severely wounded.
The kobold hits you with a +2 whip of flaming.
* * * LOW HITPOINT WARNING * * *
The kobold burns you.
You die...

# ### ### .##.#
##.###.###.###.#
####.......@)....$.
#....##.###K###.##.
#.##.#......(... .
#.##...##.###.##.
#.##.#.#.... ..#.#
#.#..#...##.##...#
#)##.#.#.#...#.#.#
#.##...#...8...#..
#.##.#.#.#...# #.


You could see a kobold.

Vanquished Creatures
  2 goblins (D:1)
  2 kobolds (D:1)
  A frilled lizard (D:1)
5 creatures vanquished.

Notes
Turn   | Place    | Note
-------+----------+-------------------------------------------
     0 | D:1      | IdlyInterested the Demonspawn Gladiator began the quest for
                  | the Orb.
     0 | D:1      | Reached XP level 1. HP: 16/16 MP: 1/1
    92 | D:1      | Slain by a kobold

Illustrated notes

Levels and vault maps discovered:
D:1:      dpeg_arrival_simpleton_a, layout_loops_ring, corexii_corridor_pit,
          minmay_stone_trees_small, nicolae_concentric_dashed_squares_wild

Action                   || total
-------------------------++-------
Melee: War axe           ||     8
Throw: Dart              ||     1
Armor: Leather armour    ||     2
Dodge: Dodged            ||     4

Table legend: (Time is in decaauts)
 A = Elapsed time spent in this place.
 B = Non-inter-level travel time spent in this place.
 C = Inter-level travel time spent in this place.
 D = Time resting spent in this place.
 E = Time spent auto-exploring this place.
 F = Levels seen in this place.
 G = Mean time per level.
                   A        B        C        D        E       F      G
               +--------+--------+--------+--------+--------+-----+--------+
         Total |     94 |     94 |      0 |      0 |     38 |   1 |   94.0 |
       Dungeon |     94 |     94 |      0 |      0 |     38 |   1 |   94.0 |
               +--------+--------+--------+--------+--------+-----+--------+

Top non-repeatable levels by time:
     D:1: 94 daAuts
